 Dungeon Crawl Stone Soup version 0.18.1-5-g4a78601 (webtiles) character file.

906 IcyTea the Carver (level 8, -13/64 HPs)
             Began as a Hill Orc Fighter on May 11, 2016.
             Mangled by an ogre
             ... wielding a +0 giant club
              (23 damage)
             ... on level 5 of the Dungeon.
             The game lasted 00:15:11 (3871 turns).

IcyTea the Carver (Hill Orc Fighter)                Turns: 3871, Time: 00:15:11

Health: -13/64     AC:  7    Str: 20    XL:     8   Next: 8%
Magic:  10/10      EV:  9    Int:  9    God:
Gold:   118        SH: 10    Dex: 10    Spells: 0 memorised, 7 levels left

rFire  . . .     SeeInvis +     a - +2 long sword
rCold  + . .     Gourm    .     b - +0 scale mail
rNeg   . . .     Faith    .     c - +1 shield
rPois  .         Spirit   .     (no helmet)
rElec  .         Dismiss  .     (no cloak)
rCorr  .         Reflect  .     (no gloves)
SustAt .         Harm     .     (no boots)
MR     .....                    (no amulet)
Stlth  ..........               d - ring of see invisible
                                i - +2 ring of evasion

@: not resistant to hostile enchantments, extremely unstealthy
A: cold resistance 1, mutation resistance 1, shaggy fur 1
a: no special abilities


You were on level 5 of the Dungeon.
You were not hungry.

You visited 1 branch of the dungeon, and saw 5 of its levels.

You collected 255 gold pieces.
You spent 137 gold pieces at shops.

Inventory:

Hand Weapons
 a - a +2 long sword (weapon)
 m - a +0 long sword
Missiles
 e - 4 tomahawks (quivered)
Armour
 b - a +0 scale mail (worn)
 c - a +1 shield (worn)
Jewellery
 d - a ring of see invisible (right hand)
 i - a +2 ring of evasion (left hand)
Wands
 h - a wand of polymorph (16/24)
 k - a wand of hasting (6/9)
 p - a wand of iceblast (10/15)
 s - a wand of random effects (31/48)
Scrolls
 l - 3 scrolls of identify
 o - 2 scrolls of blinking
Potions
 q - a potion of resistance
 t - a potion of might
Miscellaneous
 n - a plain deck of summoning
Comestibles
 f - 3 bread rations
 g - 3 beef jerkies
 j - 6 fruits
 r - a meat ration
 u - a slice of pizza


   Skills:
 - Level 3.6 Fighting
 - Level 9.1 Long Blades
 - Level 3.2 Armour
 - Level 3.2 Shields
 + Level 3.6 Evocations


You had 7 spell levels left.
You didn't know any spells.

Dungeon Overview and Level Annotations

Branches:
Dungeon (5/15)
 Temple: D:4-7

Altars:
Ashenzari
Kikubaaqudgha
Nemelex Xobeh
Sif Muna
Yredelemnul

Shops:
D:5 *


Innate Abilities, Weirdness & Mutations

Your flesh is cold resistant.
You are somewhat resistant to further mutation.
You are covered in fur (AC +1).


Message History

An ogre comes into view. It is wielding a giant club.
The ogre shouts!
Things that are here:
a giant spiked club; an ogre skeleton You hit the ogre but do no damage.
The ogre barely misses you.
You hit the ogre but do no damage. The ogre hits you with a giant club!
You hit the ogre.
The ogre is lightly wounded.
The ogre hits you with a giant club!!
* * * LOW HITPOINT WARNING * * *
You hit the ogre.
The ogre is moderately wounded.
The ogre hits you with a giant club!
* * * LOW HITPOINT WARNING * * *
You slash the ogre!
The ogre is severely wounded.
You hit the ogre.
The ogre is almost dead.
The ogre hits you with a giant club!!
You die...

#..#.....##.#
....#.#######
......# ## .
......####### .#.#
#......##.#.##
##.#.#
#............#
....###
..........####
......#
..###....##
##....... .##
##....######@O...#
##
#......(.)....###
##.......)...##
#############


You could see an ogre.

Vanquished Creatures
  Grinder (D:3)
  Sigmund (D:3)
  An ogre (D:5)
  An ice beast (D:5)
  The ghost of krfreak the Poker, an amateur MfSk (D:3)
  A centaur (D:5)
  A vampire bat (D:2)
  A hound (D:5)
  An iguana (D:5)
  A worker ant (D:4)
  2 adders
  An ooze (D:2)
  An adder zombie (D:5)
  4 worms
  2 dart slugs
  A giant gecko (D:2)
  5 orcs
  6 bats
  3 bat skeletons (D:2)
  A bat zombie (D:2)
  5 giant cockroaches
  2 goblins
  8 hobgoblins
  8 jackals
  A kobold (D:1)
  A quokka (D:3)
  A ball python (D:2)
  A giant gecko skeleton (D:4)
  2 giant newts
  9 rats
  4 fungi (D:2)
  A plant (D:2)
79 creatures vanquished.

Notes
Turn   | Place    | Note
--------------------------------------------------------------
     0 | D:1      | IcyTea the Hill Orc Fighter began the quest for the Orb.
     0 | D:1      | Reached XP level 1. HP: 19/19 MP: 1/1
   226 | D:1      | Found a sparkling altar of Nemelex Xobeh.
   249 | D:1      | Reached skill level 3 in Long Blades
   249 | D:1      | Reached XP level 2. HP: 19/26 MP: 2/2
   823 | D:2      | Reached XP level 3. HP: 10/31 MP: 3/3
  1114 | D:2      | Reached skill level 4 in Long Blades
  1248 | D:2      | Found an ancient bone altar of Kikubaaqudgha.
  1277 | D:2      | Reached skill level 5 in Long Blades
  1277 | D:2      | Reached XP level 4. HP: 34/39 MP: 4/4
  1730 | D:3      | Noticed Sigmund
  1743 | D:3      | Killed Sigmund
  1743 | D:3      | Reached skill level 6 in Long Blades
  1743 | D:3      | Reached XP level 5. HP: 30/45 MP: 5/5
  1743 | D:3      | Reached XP level 6. HP: 35/51 MP: 6/6
  1775 | D:3      | Noticed Grinder
  1788 | D:3      | Killed Grinder
  1788 | D:3      | Reached skill level 8 in Long Blades
  1788 | D:3      | Reached XP level 7. HP: 45/57 MP: 7/7
  1946 | D:3      | Noticed krfreak's ghost (amateur MfSk)
  1998 | D:3      | Killed krfreak's ghost
  2061 | D:3      | Found a basalt altar of Yredelemnul.
  2061 | D:3      | Found a deep blue altar of Sif Muna.
  2448 | D:3      | Found a shattered altar of Ashenzari.
  3251 | D:5      | Entered Level 5 of the Dungeon
  3251 | D:5      | Found Riost's Assorted Antiques.
  3256 | D:5      | Bought a lead wand for 112 gold pieces
  3256 | D:5      | Bought a metallic coppery potion for 25 gold pieces
  3258 | D:5      | Gained mutation: You are covered in fur (AC +1). [potion of mutation]
  3258 | D:5      | Gained mutation: Your flesh is cold resistant. [potion of mutation]
  3258 | D:5      | Gained mutation: You are somewhat resistant to further mutation. [potion of mutation]
  3307 | D:5      | Found a sparkling altar of Nemelex Xobeh.
  3356 | D:5      | Reached skill level 9 in Long Blades
  3370 | D:5      | Reached skill level 1 in Evocations
  3600 | D:5      | Reached XP level 8. HP: 6/64 MP: 8/10
  3871 | D:5      | Mangled by an ogre

Skill      XL: |  1  2  3  4  5  6  7 |
---------------+----------------------+-----
Long Blades    | 3 5 6 8 9 |  9.1
Evocations     | 3 |  3.6
Fighting       | |  3.6
Armour         | |  3.2
Shields        | |  3.2

Action                   |  1- 3 |  4- 6 |  7- 9 || total
-------------------------+-------+-------+-------++-------
Melee: Long sword        |   142 |    57 |   127 ||   326
  Use: Scroll            |     5 |       |     8 ||    13
       Potion            |     2 |     2 |     1 ||     5
  Eat: Chunk             |     1 |     2 |     7 ||    10
Armor: Scale mail        |    58 |    10 |    31 ||    99
Dodge: Dodged            |    49 |    11 |    33 ||    93
Block: Shield            |    65 |    23 |    57 ||   145
